 Dungeon Crawl Stone Soup version 0.27.1-34-g3ba077fa99 (webtiles) character file.

Game seed: 16008611836349747231

54 Thatpatchoflichen the Cutter (level 4, -1/29 HPs)
             Began as a Kobold Monk on Jan 24, 2022.
             Slain by a quokka (2 damage)
             ... on level 1 of the Dungeon.
             The game lasted 00:05:36 (2396 turns).

Thatpatchoflichen the Cutter (Kobold Monk)          Turns: 2396, Time: 00:05:36

Health: -1/29      AC:  2    Str:  8    XL:     4   Next: 12%
Magic:  4/4        EV: 16    Int: 11    God:
Gold:   32         SH:  0    Dex: 18    Spells: 3/3 levels left

rFire    . . .     SeeInvis .   a - +0 short sword
rCold    . . .     Faith    .   (shield restricted)
rNeg     . . .     Spirit   .   b - +0 robe
rPois    .         Reflect  .   (no helmet)
rElec    .         Harm     .   (no cloak)
rCorr    .         Rampage  .   (no gloves)
Will     .....                  (no boots)
Stlth    +++.......             (no amulet)
HPRegen  0.09/turn              (no ring)
MPRegen  0.09/turn              (no ring)

@: no status effects
A: small, no large weapons, nightstalker 3
a: no special abilities


You were on level 1 of the Dungeon.
You visited 1 branch of the dungeon, and saw 2 of its levels.

You collected 32 gold pieces.

Inventory:

Hand Weapons
 a - a +0 short sword (weapon)
Missiles
 i - 5 boomerangs (quivered)
Armour
 b - a +0 robe (worn)
Jewellery
 c - a ring of fire
 d - a ring of magical power
Scrolls
 e - a scroll of enchant weapon {unknown}
 h - a scroll of enchant armour {unknown}
Potions
 f - a potion of heal wounds {unknown}
 g - a potion of cancellation {unknown}


   Skills:
 + Level 4.1 Fighting
 + Level 5.0 Short Blades
 - Level 4.0 Dodging
 - Level 3.0 Stealth


You had 3 spell levels left.
You didn't know any spells.
Your spell library was empty.

Dungeon Overview and Level Annotations

Branches:
Dungeon (2/15)

Altars:

Shops:
D:1 !


Innate Abilities, Weirdness & Mutations

You are small and have problems with some larger weapons.
You are completely attuned to the shadows.


Message History

You hit the worm.
The worm is moderately wounded.
You hit the worm.
The worm is heavily wounded.
The worm bites you.
You barely miss the worm.
The worm is heavily wounded.
You hit the worm.
The worm is heavily wounded.
The worm bites you!
* * * LOW HITPOINT WARNING * * *
A quokka comes into view.
The kobold shouts!
You hit the kobold but do no damage. The quokka barely misses you.
The kobold barely misses you. The kobold closely misses you.
There is a stone staircase leading down here.
You closely miss the quokka. The quokka barely misses you.
The quokka completely misses you. The quokka barely misses you.
The kobold hits you with a +0 dagger.
* * * LOW HITPOINT WARNING * * *
The quokka barely misses you. The quokka bites you.
* * * LOW HITPOINT WARNING * * *
The quokka twitches its whiskers.
The quokka bites you.
* * * LOW HITPOINT WARNING * * *
The quokka misses you. The quokka closely misses you.
The quokka closely misses you. The quokka bites you.
* * * LOW HITPOINT WARNING * * *
The quokka twitches its whiskers.
The quokka barely misses you.
There is a stone staircase leading up here.
The quokka completely misses you.
You climb upwards.
There is a stone staircase leading down here.
You hit the quokka but do no damage. The quokka bites you.
* * * LOW HITPOINT WARNING * * *
The quokka bites you.
You die...

.#.#######
...>##...######
...†...#......#
....##...####.#######
.#.####### #........#
.#.# #.....##.# ##.#
#.###.##.# ##'##
#........# #...##
#####@#### .....##
### #r# ......##
##.###>#
.......####...##.#
.......'.......#.#
.......####...##.#
.....>## ##.###.#
.....## ### #.#
#...## #.#


You could see a quokka.

Vanquished Creatures
  2 adders (D:2)
  A dart slug (D:1)
  5 ball pythons
  3 endoplasms (D:2)
  2 goblins (D:2)
  2 hobgoblins
  2 quokkas
  8 bats
  2 frilled lizards (D:1)
  5 kobolds
  3 rats
35 creatures vanquished.

Notes
Turn   | Place    | Note
-------+----------+-------------------------------------------
     0 | D:1      | Thatpatchoflichen the Kobold Monk began the quest for the
                  | Orb.
     0 | D:1      | Reached XP level 1. HP: 14/14 MP: 1/1
   386 | D:1      | Reached XP level 2. HP: 19/19 MP: 2/2
  1367 | D:1      | Found Gatayd's Distillery.
  1476 | D:1      | Reached XP level 3. HP: 23/23 MP: 3/3
  2116 | D:2      | Reached XP level 4. HP: 29/29 MP: 4/4
  2161 | D:2      | Reached skill level 5 in Short Blades
  2394 | D:1      | HP: 1/29 [quokka (2)]
  2396 | D:1      | Slain by a quokka

Illustrated notes

Levels and vault maps discovered:
D:1:      dpeg_arrival_arbitrary_c, layout_loops_corners, serial_shops, shop,
          minmay_statues_item
D:2:      layout_rooms, chequers_ecumenical_altar_simple,
          roderic_serpentine_path

Skill      XL: |  1  2  3  4 |
---------------+-------------+-----
Stealth        | 3 |  3.0
Dodging        | 4 |  4.0
Fighting       | 4 |  4.1
Short Blades   | 5 |  5.0

Action                   |  1- 3 |  4- 6 || total
-------------------------+-------+-------++-------
Melee: Short sword       |    86 |    25 ||   111
 Stab: Sleeping          |    11 |       ||    11
Armor: Robe              |    22 |     2 ||    24
Dodge: Dodged            |    99 |    34 ||   133
